 Dungeon Crawl Stone Soup version 0.20-a0-1039-gf554463 (webtiles) character file.

1958 homiechan the Cleaver (level 9, 0/68 (70) HPs)
             Began as a Hill Orc Fighter on Apr 22, 2017.
             Was a Follower of Beogh.
             Slain by an orc wizard
             ... wielding a +0 dagger
              (1 damage)
             ... on level 8 of the Dungeon.
             The game lasted 00:27:44 (6669 turns).

homiechan the Cleaver (Hill Orc Fighter)            Turns: 6669, Time: 00:27:49

HP:   0/68 (70)     AC:  5    Str: 20    XL:     9   Next: 19%
MP:   9/9           EV:  8    Int: 11    God:    Beogh [*.....]
Gold: 165           SH:  9    Dex: 12    Spells: 8/8 levels left

rFire    . . .     SeeInvis .   a - +1 war axe
rCold    . . .     Gourm    .   c - +0 shield
rNeg     . . .     Faith    .   y - +0 leather armour (curse)
rPois    .         Spirit   .   (no helmet)
rElec    .         Reflect  .   (no cloak)
rCorr    +         Harm     .   (no gloves)
MR       .....                  z - +0 pair of boots
Stlth    +.........             (no amulet)
Regen    0.3/turn               k - +3 ring of intelligence
MPRegen  0.2/turn               p - ring of resist corrosion

@: no status effects
A: no striking features
a: Renounce Religion


You were on level 8 of the Dungeon.
You worshipped Beogh.
Beogh was aware of your devotion.
You were not hungry.

You visited 1 branch of the dungeon, and saw 8 of its levels.

You collected 165 gold pieces.

Inventory:

Hand Weapons
 a - a +1 war axe (weapon)
 A - a +0 halberd of protection
Missiles
 h - 181 stones (quivered)
Armour
 b - a +0 scale mail
 c - a +0 shield (worn)
 v - a -2 ring mail
 y - a cursed +0 leather armour (worn)
 z - a +0 pair of boots (worn)
 B - the cursed +0 leather armour of Esiwubb {rC+ MP+9 Int-2, unknown}
   (You found it on level 6 of the Dungeon)

   It affects your intelligence (-2).
   It protects you from cold.
   It affects your magic capacity (+9).
   It has a curse placed upon it.
Jewellery
 k - a +3 ring of intelligence (left hand)
 l - the ring "Xaunteju" {MR+ AC+6 Int+3 Dex-3 Slay+2 Stlth+, unknown}
   (You found it on level 6 of the Dungeon)

   [ring of protection]

   It affects your AC (+6).
   It affects your intelligence (+3).
   It affects your dexterity (-3).
   It affects your accuracy and damage with ranged weapons and melee attacks
   (+2).
   It affects your resistance to hostile enchantments.
   It makes you more stealthy.
 p - a ring of resist corrosion (right hand)
 u - an uncursed ring of fire
 C - an uncursed ring of protection from fire {unknown}
Wands
 w - a wand of lightning (7/15)
Scrolls
 e - 2 scrolls of teleportation
 g - a scroll of amnesia
 D - a scroll of blinking
 G - a scroll of magic mapping {unknown}
 H - a scroll of fog {unknown}
Potions
 d - a potion of might
 i - a potion of lignification
 j - a potion of magic
 n - a potion of brilliance {unknown}
 o - 4 potions of curing
 q - 2 potions of flight {unknown}
 r - 5 potions of heal wounds {unknown}
 x - a potion of ambrosia {unknown}
 E - a potion of berserk rage
 F - a potion of mutation {unknown}
 J - 2 potions of haste {unknown}
Books
 t - a book of Battle

   Spells                             Type                      Level
   a - Infusion                       Charms                       1
   b - Shroud of Golubria             Charms/Translocation         2
   c - Song of Slaying                Charms                       2
   d - Spectral Weapon                Hexes/Charms                 3
   e - Regeneration                   Charms/Necromancy            3
Comestibles
 f - 3 bread rations
 m - 3 meat rations
 s - 2 royal jellies


   Skills:
 - Level 3.6 Fighting
 - Level 12.6 Axes
 + Level 7.8 Armour
 - Level 3.2 Shields


You had 8 spell levels left.
You didn't know any spells.

Dungeon Overview and Level Annotations

Branches:
Dungeon (8/15)             Temple (0/1) D:7
   Lair: D:8-11

Altars:
Dithmenos
Hepliaklqana
Makhleb
Nemelex Xobeh
Xom

Shops:
D:5 %

Annotations:
D:2 exclusion: downstairs
D:3 Sigmund
D:4 Dowan, Duvessa, Menkaure


Message History

* * * LOW HITPOINT WARNING * * *
Something hits you.
* * * LOW HITPOINT WARNING * * *
You completely miss something.
You hear some strange, mumbled words.
A puff of flame appears from out of thin air!
The puff of flame hits you!
* * * LOW HITPOINT WARNING * * *
Unknown command.
Okay, then.
Evoke which item? (* to show all) (? for menu, Esc to quit)
Aiming: Lightning Bolt (will waste charges)
Press: ? - help, Shift-Dir - straight line You hear a mighty clap of thunder!
Evoking this partially-identified wand wasted a few charges.
You hear an angry buzzing noise.
You hear an angry hiss.
You hear an angry buzzing noise.
Something hits you.
You die...
Beogh appreciates something's killing of a heretic priest.

#.......###
#.#.......+
#.##....### #.##..#.#
#.##.##.# #.##.##.#
#.......# #####
####.##########>.....
#.# #....@))..# #.#
#.#####......
#)####.# ..###
#......# ... ########
###


There were no monsters in sight!

Vanquished Creatures
  Pikel (D:5)
  A kobold demonologist (D:6)
  A slave (D:5)
  An ogre (D:6)
  A necrophage (D:5)
  A centaur (D:5)
  A bullfrog (D:6)
  A scorpion (D:6)
  2 howler monkeys
  4 crimson imps
  2 hounds
  2 centaur skeletons
  A bullfrog skeleton (D:6)
  A jelly (D:6)
  An orc priest (D:4)
  Jessica (D:2)
  2 iguanas
  2 worker ants
  3 orc wizards
  A mummy (D:4)
  A worker ant zombie (D:6)
  A howler monkey zombie (D:6)
  4 gnolls
  8 adders
  2 oozes
  An adder skeleton (D:7)
  3 worms
  2 dart slugs
  4 leopard geckos
  25 orcs
  A ball python (D:4)
  9 bats
  3 giant cockroaches
  4 goblins
  5 hobgoblins
  8 jackals
  A quokka (D:3)
  3 frilled lizards
  3 hobgoblin zombies (D:4)
  2 kobolds
  A kobold zombie (D:4)
  A leopard gecko skeleton (D:4)
  A quokka skeleton (D:4)
  6 rats
129 creatures vanquished.

Vanquished Creatures (others)
  A slave (D:6)
  A bullfrog (D:6)
  2 orc wizards (D:6)
  2 orcs (D:6)
  A quokka (D:6)
7 creatures vanquished.

Grand Total: 136 creatures vanquished

Notes
Turn   | Place    | Note
-------+----------+-------------------------------------------
     0 | D:1      | homiechan the Hill Orc Fighter began the quest for the Orb.
     0 | D:1      | Reached XP level 1. HP: 19/19 MP: 1/1
    46 | D:1      | Reached skill level 3 in Axes
   181 | D:1      | Reached XP level 2. HP: 25/26 MP: 2/2
   243 | D:1      | Reached skill level 4 in Axes
   275 | D:1      | Reached XP level 3. HP: 18/31 MP: 3/3
   918 | D:2      | Noticed Jessica
   923 | D:2      | Killed Jessica
   923 | D:2      | Reached skill level 5 in Axes
   923 | D:2      | Reached XP level 4. HP: 21/39 MP: 4/4
  1339 | D:2      | Reached skill level 6 in Axes
  1425 | D:3      | Noticed Sigmund
  1620 | D:3      | Found a shimmering altar of Xom.
  1621 | D:3      | Found a shadowy altar of Dithmenos.
  1621 | D:3      | Found a sparkling altar of Nemelex Xobeh.
  2088 | D:4      | Noticed Duvessa
  2089 | D:4      | Noticed Dowan
  2175 | D:3      | Reached XP level 5. HP: 44/45 MP: 5/5
  2340 | D:3      | Found a hazy altar of Hepliaklqana.
  2366 | D:3      | Became a worshipper of Beogh the Brigand
  2443 | D:4      | Reached skill level 7 in Axes
  2592 | D:4      | Found a burning altar of Makhleb.
  2701 | D:4      | Noticed Menkaure
  2847 | D:5      | Entered Level 5 of the Dungeon
  2858 | D:5      | Found Asangyuv's Food Shoppe.
  3104 | D:5      | Reached skill level 8 in Axes
  3104 | D:5      | Reached XP level 6. HP: 51/51 MP: 6/6
  3266 | D:5      | Reached * piety under Beogh
  3266 | D:5      | Reached skill level 9 in Axes
  3622 | D:5      | Reached XP level 7. HP: 55/57 MP: 7/7
  3724 | D:6      | Reached skill level 10 in Axes
  3863 | D:6      | Noticed Pikel
  4081 | D:6      | Reached skill level 11 in Axes
  4329 | D:5      | Killed Pikel
  4329 | D:5      | Reached skill level 12 in Axes
  4329 | D:5      | Reached XP level 8. HP: 38/62 MP: 8/8
  4555 | D:6      | Got a heavily runed ivory ring
  4755 | D:6      | Noticed a kobold demonologist
  4765 | D:6      | Noticed a ynoxinul
  4768 | D:6      | Noticed an ice devil
  4768 | D:6      | Killed a kobold demonologist
  4768 | D:6      | Reached skill level 5 in Armour
  5086 | D:6      | Reached XP level 9. HP: 62/68 MP: 9/9
  5383 | D:6      | Got a spiked leather armour
  5836 | D:7      | Found a staircase to the Ecumenical Temple.
  6668 | D:8      | HP: 1/68 [something/puff of flame (6)]
  6669 | D:8      | Slain by an orc wizard

Vault maps used:
D:1:      saegor_arrival_simple_d
D:2:      first_bread, uniq_jessica
D:3:      minitemple, nicolae_overflow_hidden_temple,
          minmay_misc_feat_nine_boxes, uniq_sigmund
D:4:      kiku_gazebo_pond_becter, bloody_makhleb, serial_glass,
          glass_columns_a, glass_columns_a, minmay_mini_ossuary,
          uniq_blork_the_orc, uniq_menkaure, uniq_duvessa
D:5:      serial_shops, shop, minmay_misc_feat_cross
D:6:      uniq_pikel
D:7:      minmay_temple_entry_large_hall
D:8:      kennysheep_mini_moat

Skill      XL: |  1  2  3  4  5  6  7  8  9 |
---------------+----------------------------+-----
Axes           | 3 4 5 6 8 9 12 | 12.6
Armour         | 6 7 |  7.8
Fighting       | |  3.6
Shields        | |  3.2

Action                   |  1- 3 |  4- 6 |  7- 9 || total
-------------------------+-------+-------+-------++-------
Melee: War axe           |    78 |   243 |   223 ||   544
Throw: Stone             |     6 |     5 |     8 ||    19
Invok: Convert to Beogh  |       |     1 |       ||     1
Evoke: Wand              |       |       |     1 ||     1
  Use: Scroll            |       |     9 |     5 ||    14
       Potion            |       |     1 |     2 ||     3
  Eat: Chunk             |       |     5 |     3 ||     8
       Bread ration      |       |     1 |     2 ||     3
Armor: Scale mail        |    35 |    53 |       ||    88
       Ring mail         |       |    24 |    12 ||    36
       Leather armour    |       |       |    12 ||    12
Dodge: Dodged            |    17 |    86 |    42 ||   145
Block: Shield            |    38 |   108 |    67 ||   213
